 Dungeon Crawl Stone Soup version 0.24-a0-580-g6a6c3f83c1 (webtiles) character file.

Game seed: 6817270034103466385

669162 PlumEater the Pyromancer (level 27, -1/177 HPs)
             Began as a Gargoyle Earth Elementalist on Aug 19, 2019.
             Was the Champion of Vehumet.
             Slain by Ibecog's ghost (9 damage)
             ... on level 1 of the Realm of Zot on Aug 21, 2019.
             The game lasted 04:28:29 (81415 turns).

PlumEater the Pyromancer (GrEE)                    Turns: 81415, Time: 04:28:31

Health: -1/177     AC: 42    Str: 20    XL:     27
Magic:  3/45       EV: 22    Int: 33    God:    Vehumet [******]
Gold:   13668      SH:  8    Dex: 13    Spells: 7/62 levels left

rFire    + . .     SeeInvis +   f - +5 sacred scourge (holy)
rCold    . . .     Gourm    +   E - +3 buckler {AC+3}
rNeg     + . .     Faith    .   v - +2 robe {Archmagi}
rPois    ∞         Spirit   .   j - +0 helmet of Fashionability {rF+ Int+5}
rElec    +         Reflect  .   W - +2 cloak of the Thief {+Fog Slay-2 SInv Stlth+}
rCorr    +         Harm     .   h - +2 pair of gloves of Joy {MR+ rCorr Int+2}
MR       +++++                  g - +0 pair of boots {run}
Stlth    +++.......             y - amulet of the gourmand
HPRegen  0.39/turn              B - +5 ring of protection
MPRegen  0.29/turn              U - ring of the Barnacle {MR+ Dex+3 Slay+6}

@: mighty, flying, quick
A: big wings, magic resistance 1, negative energy resistance 1, sense
surroundings 1, electricity resistance, unbreathing, petrification resistance,
rot immunity, AC +20
}: 5/15 runes: serpentine, barnacled, slimy, silver, abyssal
a: Stop Flying, Renounce Religion, Evoke Fog


You were on level 1 of the Realm of Zot.
You worshipped Vehumet.
Vehumet was exalted by your worship.
You were very full.

You visited 12 branches of the dungeon, and saw 54 of its levels.
You visited the Abyss 2 times.
You also visited: Trove, Gauntlet, Ice Cave and Volcano.

You collected 18547 gold pieces.
You spent 4879 gold pieces at shops.

Inventory:

Hand Weapons
 c - a +2 demon whip of electrocution
 f - a +5 sacred scourge of holy wrath (weapon)
Missiles
 C - 51 silver javelins (quivered)
 Y - 9 throwing nets
Armour
 g - a +0 pair of boots of running (worn)
 h - the +2 pair of gloves of Joy (worn) {MR+ rCorr Int+2}
   (You found it in a treasure trove)

   It affects your intelligence (+2).
   It affects your resistance to hostile enchantments.
   It provides partial protection from all sources of acid and corrosion.
 j - the +0 helmet of Fashionability (worn) {rF+ Int+5}
   (You bought it in a shop on level 1 of the Vaults)

   It affects your intelligence (+5).
   It protects you from fire.
 v - a +2 robe of the Archmagi (worn)
 A - a scarf of cloud immunity
 E - a +3 buckler of protection (worn)
 W - the +2 cloak of the Thief (worn) {+Fog Slay-2 SInv Stlth+}
   (You found it on level 3 of the Depths)

   It affects your accuracy and damage with ranged weapons and melee attacks
   (-2).
   It lets you see invisible.
   It makes you more stealthy.
Magical Staves
 r - an uncursed staff of wizardry
Jewellery
 m - the ring of the Prince of Darkness {rElec rN+ Int+6}
   (You found it on level 5 of the Pits of Slime)

   [ring of positive energy]

   It affects your intelligence (+6).
   It insulates you from electricity.
   It protects you from negative energy.
 y - an amulet of the gourmand (around neck)
 B - a +5 ring of protection (left hand)
 U - the ring of the Barnacle (right hand) {MR+ Dex+3 Slay+6}
   (You found it on level 5 of the Pits of Slime)

   [ring of protection from magic]

   It affects your dexterity (+3).
   It affects your accuracy and damage with ranged weapons and melee attacks
   (+6).
   It affects your resistance to hostile enchantments.
Wands
 a - a wand of clouds (4)
 s - a wand of digging (4)
 F - a wand of paralysis (40)
 J - a wand of iceblast (15)
 M - a wand of disintegration (47)
 T - a wand of polymorph (63)
Scrolls
 e - 36 scrolls of remove curse
 l - 5 scrolls of magic mapping
 q - 22 scrolls of teleportation
 u - 15 scrolls of blinking
 w - a scroll of holy word
 x - 25 scrolls of identify
 I - 8 scrolls of amnesia
 O - 6 scrolls of fog
 S - 4 scrolls of summoning
Potions
 b - 3 potions of haste
 i - a potion of agility
 k - 2 potions of cancellation
 n - 6 potions of invisibility
 o - 2 potions of heal wounds
 t - 20 potions of curing
 z - 2 potions of mutation
 G - a potion of resistance
 H - 2 potions of brilliance
 R - a potion of ambrosia
 X - a potion of berserk rage
Miscellaneous
 D - a lightning rod (4/4)
 K - 2 phantom mirrors
 N - a phial of floods (inert)
 Q - a fan of gales
 V - 4 sacks of spiders
Comestibles
 d - 51 rations


   Skills:
 + Level 19.5 Fighting
 - Level 14.0 Maces & Flails
 - Level 6.0 Armour
 + Level 15.8 Dodging
 - Level 2.1 Stealth
 - Level 4.0 Shields
 + Level 18.1 Spellcasting
 - Level 18.0 Conjurations
 * Level 2.7 Necromancy
   Level 0.7 Transmutations
 - Level 22.0 Fire Magic
 + Level 21.6 Earth Magic
 - Level 6.0 Evocations


You had 7 spell levels left.
You knew the following spells:

 Your Spells              Type           Power        Failure   Level  Hunger
a - Shatter               Erth           ########..   4%          9    ######.
b - Stone Arrow           Conj/Erth      ######       0%          3    None
c - Lee's Rapid Deconstr  Erth           ########..   0%          5    None
d - Iron Shot             Conj/Erth      ########..   1%          6    None
e - Lehudib's Crystal Sp  Conj/Erth      ########..   1%          8    #####..
f - Bolt of Fire          Conj/Fire      ########..   1%          6    None
g - Fireball              Conj/Fire      ########..   0%          5    None
h - Ignition              Fire           ########..   1%          8    #####..
i - Dispel Undead         Necr           ######..     11%         5    None

Your spell library contained the following spells:

 Spells                   Type           Power        Failure   Level  Hunger
 Magic Dart               Conj           ####         0%          1    None
 Sandblast                Erth           ######       0%          1    None
 Conjure Flame            Conj/Fire      ########     0%          3    None
 Bolt of Magma            Conj/Fire/Erth ########..   0%          5    None
 Animate Skeleton         Necr           N/A          1%          1    None
 Apportation              Tloc           #####.       1%          1    None
 Corona                   Hex            #####..      1%          1    None
 Freeze                   Ice            ####         1%          1    None
 Infusion                 Chrm           ####         1%          1    None
 Pain                     Necr           ####         1%          1    None
 Shock                    Conj/Air       ####         1%          1    None
 Sting                    Conj/Pois      ####         1%          1    None
 Summon Butterflies       Summ           #####...     1%          1    None
 Summon Small Mammal      Summ           ####         1%          1    None
 Blink                    Tloc           N/A          1%          2    None
 Call Imp                 Summ           #####...     1%          2    None
 Corpse Rot               Necr           N/A          1%          2    None
 Ensorcelled Hibernation  Hex/Ice        #####.       1%          2    None
 Passwall                 Tmut/Erth      ########     1%          2    None
 Poisonous Vapours        Pois/Air       #####.       1%          2    None
 Shroud of Golubria       Chrm/Tloc      #####.       1%          2    None
 Slow                     Hex            #####...     1%          2    None
 Song of Slaying          Chrm           #####...     1%          2    None
 Swiftness                Chrm/Air       #####...     1%          2    None
 Throw Frost              Conj/Ice       ######       1%          2    None
 Dazzling Spray           Conj/Hex       ######       1%          3    None
 Ignite Poison            Fire/Tmut/Pois #######.     1%          3    None
 Inner Flame              Hex/Fire       ########     1%          3    None
 Mephitic Cloud           Conj/Pois/Air  #######.     1%          3    None
 Regeneration             Chrm/Necr      ######....   1%          3    None
 Static Discharge         Conj/Air       #######.     1%          3    None
 Vampiric Draining        Necr           ######....   1%          3    None
 Force Lance              Conj/Tloc      #######.     1%          4    None
 Fulminant Prism          Conj/Hex       #######...   1%          4    None
 Leda's Liquefaction      Hex/Erth       ########..   1%          4    None
 Petrify                  Tmut/Erth      ########     1%          4    None
 Throw Icicle             Conj/Ice       #######.     1%          4    None
 Bolt of Draining         Conj/Necr      #######...   1%          5    None
 Borgnjor's Vile Clutch   Necr/Erth      ########..   1%          5    None
 Iskenderun's Battlesphe  Conj/Chrm      #######.     1%          5    None
 Lightning Bolt           Conj/Air       #######...   1%          5    None
 Venom Bolt               Conj/Pois      #######...   1%          5    None
 Conjure Ball Lightning   Conj/Air       #######...   1%          6    None
 Orb of Destruction       Conj           ########..   1%          7    ###....
 Call Canine Familiar     Summ           #####...     3%          3    None
 Gell's Gravitas          Tloc           #####.....   3%          3    None
 Lesser Beckoning         Tloc           #####.....   3%          3    None
 Ozocubu's Armour         Chrm/Ice       #####...     3%          3    None
 Portal Projectile        Hex/Tloc       #####.       3%          3    None
 Recall                   Summ/Tloc      N/A          3%          3    None
 Spectral Weapon          Hex/Chrm       #####...     3%          3    None
 Summon Guardian Golem    Hex/Summ       #####...     3%          3    None
 Tukima's Dance           Hex            #####...     3%          3    None
 Airstrike                Air            #####.....   3%          4    None
 Olgreb's Toxic Radiance  Pois           #####...     3%          4    None
 Animate Dead             Necr           N/A          4%          4    None
 Freezing Cloud           Conj/Ice/Air   #######...   4%          6    None
 Spellforged Servitor     Conj/Summ      #######...   7%          7    ###....
 Yara's Violent Unravell  Hex/Tmut       #####.....   9%          5    None
 Agony                    Necr           ######..     11%         5    None
 Cause Fear               Hex            #####.....   12%         4    None
 Passage of Golubria      Tloc           N/A          12%         4    None
 Summon Ice Beast         Ice/Summ       #####...     12%         4    None
 Summon Lightning Spire   Summ/Air       #####...     12%         4    None
 Ring of Flames           Chrm/Fire      ########..   12%         7    ###....
 Excruciating Wounds      Chrm/Necr      ######....   19%         5    None
 Alistair's Intoxication  Tmut/Pois      #####...     30%         5    None
 Aura of Abjuration       Summ           #####.....   34%         5    None
 Silence                  Hex/Air        #####.....   34%         5    None
 Summon Demon             Summ           #####.....   34%         5    None
 Summon Forest            Summ/Tloc      #####.....   34%         5    None
 Summon Mana Viper        Hex/Summ       #####...     34%         5    None
 Death Channel            Necr           ######....   52%         6    None
 Darkness                 Hex            #####.....   88%         6    None
 Deflect Missiles         Chrm/Air       #####.....   88%         6    None
 Dispersal                Tloc           #####.....   88%         6    None
 Invisibility             Hex            #####...     88%         6    None
 Shadow Creatures         Summ           N/A          88%         6    None
 Dragon Form              Tmut           ######....   100%        7    ###....
 Malign Gateway           Summ/Tloc      #####.....   100%        7    ###....
 Summon Hydra             Summ           #####.....   100%        7    ###....
 Borgnjor's Revivificati  Necr           ######....   100%        8    #####..
 Discord                  Hex            #####.....   100%        8    #####..
 Disjunction              Tloc           #####.....   100%        8    #####..
 Tornado                  Air            #####.....   100%        9    ######.
 Sublimation of Blood     Necr           Unusable     N/A         2    N/A
 Statue Form              Tmut/Erth      Unusable     N/A         6    N/A

Dungeon Overview and Level Annotations

Branches:
Dungeon (15/15)            Temple (1/1) D:4            Lair (6/6) D:10
 Shoals (4/4) Lair:4        Snake (4/4) Lair:4        Slime (5/5) Lair:6
    Orc (2/2) D:12            Elf (3/3) Orc:2        Vaults (5/5) D:14
  Crypt (3/3) Vaults:2       Tomb (0/3) Crypt:3      Depths (5/5) D:15
    Zot (1/5) Depths:5

Altars:
Ashenzari
Cheibriados
Dithmenos
Fedhas
Gozag
Hepliaklqana
Kikubaaqudgha
Makhleb
Nemelex Xobeh
Okawaru
Qazlal
Ru
Sif Muna
Uskayaw
Vehumet
Wu Jian
Xom
Yredelemnul
Zin
The Shining One
Beogh
Jiyva

Shops:
D:4 =   D:5 !%   D:9 =   D:12 :   D:14 }   Orc:1 *   Orc:2 (%**   Elf:1 !
Elf:2 (   Shoals:1 !   Snake:1 (=}=   Snake:3 [   Snake:4 *[*   Vaults:1 ((([(
Depths:1 =   Depths:3 ?

Portals:
Hell: Depths:1 Depths:2 Depths:3 Depths:4 Depths:5
Abyss: Depths:2 Depths:3 Depths:4
Pandemonium: Depths:3 Depths:4
Ziggurat: Depths:5

Annotations:
D:3 3 runed translucent doors, demivan's ghost, weakling DrTm
Shoals:2 1 runed translucent door, Iphiug Qeph's ghost, adept GrFi
Snake:4 2 runed translucent doors, Xenophilius's ghost, adept DsBe
Orc:2 1 runed translucent door, P0WERM0DE's ghost, journeyman DDFi
Elf:2 5 runed translucent doors
Zot:1 1 exclusion, Ibecog's ghost, veteran MiBe


Innate Abilities, Weirdness & Mutations

You are resistant to torment.
Your stone body is resilient. (AC +20)
You are immune to poison.
Your large and strong wings let you fly indefinitely.
You resist negative energy. (rN+)
You are resistant to electric shocks. (rElec)
You can survive without breathing.
You are immune to petrification.
You are immune to rotting.
You are resistant to hostile enchantments. (MR+)
You passively map a small area around you.


Message History

Ibecog's ghost is almost destroyed.
Unknown command.
You closely miss Ibecog's ghost.
Ibecog's ghost is almost destroyed.
Ibecog's ghost hits you!!
* * * LOW HITPOINT WARNING * * *
Ibecog's ghost freezes you.
* * * LOW HITPOINT WARNING * * *
Your soldier ant misses Ibecog's ghost.
Your soldier ant stings Ibecog's ghost but does no damage.
You hit Ibecog's ghost but do no damage.
Ibecog's ghost is almost destroyed.
Unknown command.
You miss Ibecog's ghost.
Ibecog's ghost is almost destroyed.
Ibecog's ghost is engulfed in blazing flames.
Ibecog's ghost hits you!!
* * * LOW HITPOINT WARNING * * *
Ibecog's ghost freezes you!
You die...

....# ,
###.####### *
* ,## * *
..........###.
##..
..........'..>
.°§#
..........###.
#○§#
..........# ,
#§§#
###.......# *
*#§§#
#.......# #,
#Wa# #.......#
#.##@a#
#.#######
#.#...# #.#
#....## #.#
###.## #.#
########.# *
#.# #.....##.#
. #.#
#.###.##.#
..#.####.#
#.##.########
..'.##...#
#.##.##.....#


You could see Ibecog's ghost and 2 friendly soldier ants.

Vanquished Creatures
  the Royal Jelly (Slime:5)
  Dissolution (Slime:3)
  Mara (Vaults:3)
  2 ancient liches
  Mennas (Crypt:1)
  Boris (Depths:5)
  Sojobo (Vaults:2)
  Vashnia (Snake:3)
  Margery (Depths:5)
  Saint Roka (Snake:3)
  Bai Suzhen (Vaults:3)
  A curse toe (Zot:1)
  A caustic shrike (Depths:2)
  Nikola (Elf:2)
  2 golden dragons
  2 bone dragons
  Jory (Depths:5)
  A Tzitzimitl (Depths:3)
  Jorgrun (D:15)
  7 liches
  8 tentacled monstrosities
  2 quicksilver dragons
  4 titans
  20 acid blobs
  Frances (Snake:2)
  8 tentacled starspawn
  3 krakens
  2 death cobs (Zot:1)
  4 sphinxes
  3 ancient champions
  Kirke (D:15)
  An Executioner (Abyss:2)
  2 revenants
  Agnes (Snake:3)
  8 storm dragons
  14 azure jellies
  11 shadow dragons
  12 tengu reavers
  A draconian monk (Zot:1)
  8 nagarajas
  Ilsuiw (Shoals:3)
  6 fire giants
  A draconian knight (Abyss:3)
  4 frost giants
  Aizul (Snake:2)
  An iron dragon (Vaults:5)
  10 deep elf sorcerers
  Louise (Depths:3)
  15 vault wardens
  An orc warlord (Vaults:4)
  2 balrugs
  8 deep elf elementalists
  A cacodemon (Abyss:1)
  2 draconian stormcallers (Depths:5)
  2 ghouls
  A curse skull (Crypt:2)
  9 ironheart preservers
  A spriggan defender (Depths:2)
  An angel (Abyss:3)
  4 draconian annihilators (Zot:1)
  2 draconian shifters (Abyss:3)
  19 stone giants
  5 war gargoyles
  An ophan (Abyss:2)
  12 very ugly things
  11 vampire knights
  2 entropy weavers
  A green draconian (Zot:1)
  4 deep elf demonologists
  A black draconian (Depths:5)
  A minotaur (Gauntlet)
  6 deep elf annihilators
  A spark wasp (shapeshifter) (Depths:3)
  2 purple draconians
  8 spark wasps
  4 white draconians
  4 red draconians
  3 eidola
  2 green deaths
  3 blizzard demons
  16 ettins
  10 merfolk javelineers
  12 deep elf death magi
  10 merfolk impalers
  11 death oozes
  8 fire dragons
  16 yaktaur captains
  5 deep elf high priests
  5 jiangshi
  3 crystal guardians (Crypt:3)
  Fannar (Lair:3)
  Erolcha (Orc:1)
  6 hydras
  20 great orbs of eyes
  7 rakshasas
  A quicksilver dragon skeleton (Crypt:1)
  26 vault guards
  15 naga warriors
  40 two-headed ogres
  3 spriggan air magi
  Erica (D:8)
  2 merfolk aquamancers
  6 ice dragons
  3 merfolk avatars
  9 anacondas
  A satyr (Shoals:3)
  2 death knights
  10 centaur warriors
  A death yak (Lair:4)
  A satyr (shapeshifter) (Depths:4)
  25 dancing weapons
  A two-headed ogre (shapeshifter) (Depths:4)
  4 alligator snapping turtles
  13 deep troll shamans
  17 ogre magi
  A queen ant (Gauntlet)
  8 tengu warriors
  5 vampire magi
  2 titan zombies
  5 deep troll earth magi
  Urug (D:14)
  11 orc high priests
  4 sun demons
  2 shock serpents
  3 thrashing horrors (Abyss:1)
  14 hell knights
  A spriggan berserker (Depths:5)
  14 naga sharpshooters
  Sonja (D:11)
  12 deep elf knights
  3 sixfirhies
  3 fire crabs (shapeshifter)
  2 wretched stars (Abyss:1)
  A salamander mystic (Volcano)
  6 shadow wraiths
  3 iron trolls
  A storm dragon skeleton (Vaults:2)
  A death drake (shapeshifter) (Depths:4)
  11 unseen horrors
  30 skeletal warriors
  13 sea snakes
  A spatial maelstrom (Abyss:2)
  3 shadow demons (Depths:3)
  2 wizards
  A deep troll (shapeshifter) (Depths:4)
  21 starcursed masses
  7 glowing orange brains
  25 deep trolls
  11 naga ritualists
  A swamp dragon (shapeshifter) (Depths:4)
  24 harpies
  An infernal demonspawn (Depths:3)
  6 ironbrand convokers
  3 flayed ghosts
  23 orc knights
  6 phantasmal warriors
  14 deep elf archers
  A tengu zombie (Vaults:2)
  Pikel (D:8)
  14 necromancers
  9 mana vipers
  5 wolf spiders
  3 wolf spider zombies
  6 shining eyes
  An iron dragon zombie (Crypt:1)
  An orb spider (Abyss:1)
  An orb spider (shapeshifter) (D:14)
  9 orc sorcerers
  An oklob plant (Shoals:2)
  A stone giant zombie (Abyss:3)
  4 draconians (Abyss:3)
  6 fauns
  61 deep elf magi
  3 frost giant zombies
  A shining eye (shapeshifter) (D:15)
  48 ugly things
  13 manticores
  9 salamanders
  17 cyclopes
  A manticore (shapeshifter) (Depths:3)
  A salamander (shapeshifter) (Vaults:2)
  A moth of wrath (shapeshifter) (D:10)
  4 moths of wrath
  2 stone giant skeletons
  A fire giant skeleton (Crypt:3)
  An elephant (shapeshifter) (Depths:4)
  9 water nymphs
  2 ice statues
  A rust devil (Depths:3)
  2 frost giant skeletons
  2 molten gargoyles (Volcano)
  13 merfolk sirens
  28 black mambas
  A titan simulacrum (Crypt:1)
  3 apocalypse crabs
  23 naga magi
  10 vault sentinels
  4 guardian serpents
  An emperor scorpion zombie (Crypt:2)
  3 gargoyles
  An eye of devastation (Slime:2)
  2 guardian serpents (shapeshifter)
  A torpor snail (Lair:3)
  2 catoblepas zombies
  5 smoke demons
  2 orange demons
  2 kobold demonologists
  A dire elephant skeleton (Crypt:3)
  24 spiny frogs
  2 tormentors
  2 rime drakes (shapeshifter)
  A shock serpent skeleton (Abyss:1)
  A yaktaur (shapeshifter) (Vaults:2)
  2 hellwings
  A demonic crawler (Abyss:3)
  3 rime drakes
  8 komodo dragons
  10 freezing wraiths
  A hellion (Abyss:2)
  3 anaconda simulacra
  A komodo dragon (shapeshifter) (Depths:4)
  A white draconian skeleton (Crypt:1)
  An efreet (D:15)
  7 ancient zymes
  50 yaktaurs
  7 trolls
  3 tengu conjurers
  6 ice devils (IceCv)
  2 meliai (shapeshifter) (D:15)
  A polar bear (shapeshifter) (Vaults:5)
  31 merfolk
  A hydra zombie (Crypt:1)
  A purple draconian skeleton (Crypt:2)
  A wind drake (shapeshifter) (Depths:3)
  3 hornets
  2 wind drakes
  A jumping spider (shapeshifter) (D:15)
  11 tyrant leeches
  A wolf spider simulacrum (IceCv)
  A hornet (shapeshifter) (Vaults:3)
  A raiju (shapeshifter) (Vaults:2)
  4 raiju
  6 dream sheep
  An alligator zombie (Crypt:3)
  21 blink frogs (Lair:6)
  A dream sheep (shapeshifter) (Depths:4)
  11 hippogriffs
  An ice dragon zombie (Abyss:1)
  2 hippogriffs (shapeshifter)
  80 slime creatures
  11 snapping turtles
  A centaur simulacrum (D:15)
  A spriggan (Lair:4)
  Sigmund (D:2)
  2 alligator skeletons
  4 wyverns
  4 ynoxinuls
  5 air elementals
  An ettin skeleton (Vaults:2)
  47 flying skulls
  A vampire (D:11)
  2 redbacks (Vaults:5)
  2 fire dragon skeletons (Crypt:3)
  7 shadows
  14 yaks
  2 tarantellas (shapeshifter) (D:14)
  15 water elementals
  11 humans (D:14)
  2 wraiths
  4 dire elephant simulacra (IceCv)
  3 hungry ghosts
  3 fire bats
  A fire elemental (Elf:2)
  8 golden eyes
  3 chaos spawn
  2 steam dragons
  A golden eye (shapeshifter) (Depths:4)
  2 neqoxecs (Abyss:2)
  A yaktaur simulacrum (Vaults:1)
  A hog (shapeshifter) (Depths:4)
  15 vampire mosquitoes
  A spatial vortex (Abyss:3)
  A wind drake skeleton (Crypt:3)
  A death yak simulacrum (IceCv)
  10 large abominations
  An acid dragon (shapeshifter) (Depths:4)
  4 swamp worms
  2 harpy simulacra (IceCv)
  13 wargs
  2 acid dragons (D:14)
  47 nagas
  7 water moccasins
  2 iron troll simulacra (IceCv)
  A merfolk zombie (Crypt:2)
  A spiny frog zombie (Abyss:2)
  9 soldier ants
  3 hydra simulacra (IceCv)
  A soldier ant (shapeshifter) (Vaults:1)
  A swamp worm (shapeshifter) (Depths:4)
  2 floating eyes (Slime:5)
  13 porcupines
  A swamp drake (D:8)
  8 ice beasts
  A sky beast (shapeshifter) (Vaults:4)
  49 orc warriors
  3 ettin simulacra
  A hornet zombie (D:7)
  2 phantoms
  5 eyes of draining
  5 necrophages
  A water nymph skeleton (Crypt:1)
  5 sky beasts
  2 black bears
  44 ogres
  17 wolves
  21 boggarts
  13 centaurs
  A blink frog skeleton (Crypt:2)
  A crocodile (shapeshifter) (Depths:4)
  A swamp dragon zombie (Crypt:1)
  An elf zombie (D:9)
  8 crocodiles
  2 earth elementals
  5 big kobolds
  A bullfrog (shapeshifter) (Vaults:5)
  13 small abominations
  28 bullfrogs
  A wyvern skeleton (D:7)
  4 scorpions
  A warg skeleton (Crypt:1)
  11 killer bees
  20 wights
  A howler monkey (D:5)
  A troll skeleton (Crypt:1)
  2 vampire bats (Lair:3)
  5 electric eels
  3 lava snakes (Volcano)
  10 crimson imps
  A wolf skeleton (Crypt:2)
  A bullfrog zombie (D:10)
  5 hounds
  3 draconian simulacra (IceCv)
  48 orc priests
  8 jellies
  6 quasits
  Crazy Yiuf (D:2)
  2 bullfrog skeletons
  4 centaur skeletons
  6 human zombies
  23 orc wizards
  3 iguanas
  4 human skeletons
  8 worker ants
  5 troll simulacra (IceCv)
  A polar bear simulacrum (IceCv)
  A spriggan simulacrum (IceCv)
  A killer bee zombie (D:8)
  A crocodile zombie (Crypt:2)
  An ogre zombie (Crypt:3)
  A tengu skeleton (Crypt:3)
  A dwarf skeleton (Crypt:2)
  An ogre skeleton (Crypt:1)
  A hound zombie (Crypt:1)
  A hound skeleton (D:7)
  2 mummies (D:9)
  A howler monkey zombie (D:9)
  A worker ant zombie (D:10)
  13 gnolls
  3 ogre simulacra (IceCv)
  7 adders
  3 naga simulacra (IceCv)
  A tengu simulacrum (Crypt:2)
  5 shadow imps
  5 white imps
  4 ufetubi
  An ooze (shapeshifter) (Depths:4)
  An adder zombie (D:7)
  4 worms
  2 dart slugs
  4 leopard geckos
  120 orcs
  14 bats
  A giant cockroach (shapeshifter) (Depths:4)
  6 giant cockroaches
  8 goblins
  4 hobgoblins
  20 jackals
  28 kobolds
  3 quokkas
  A ball python (D:4)
  A ball python skeleton (Crypt:1)
  A quokka skeleton (D:5)
  7 rats
  A river rat skeleton (Crypt:2)
  11 crawling corpses
  2 fungi (Shoals:1)
  9 plants
  12 starspawn tentacles (Abyss:1)
  9 tentacles
2638 creatures vanquished.

Vanquished Creatures (collateral kills)
  A green draconian (Zot:1)
  A dancing weapon (Zot:1)
  A hell knight (Crypt:3)
  5 humans (D:14)
  A scorpion (D:14)
  A polar bear skeleton (Crypt:1)
10 creatures vanquished.

Vanquished Creatures (others)
  A tentacled starspawn (Abyss:3)
  A tengu reaver (Vaults:5)
  A spatial maelstrom (Abyss:3)
  A slime creature (Slime:2)
  2 humans (D:15)
  A water elemental (Shoals:1)
  A necrophage (D:10)
  A bullfrog (Lair:6)
  A hound (D:10)
  An orc wizard (D:15)
  2 shadow imps (D:15)
  An orc (D:15)
  16 fungi
  A lurking horror (Abyss:1)
  50 plants
  6 starspawn tentacles
  10 tentacles
97 creatures vanquished.

Grand Total: 2745 creatures vanquished

Notes
Turn   | Place    | Note
-------+----------+-------------------------------------------
     0 | D:1      | PlumEater the Gargoyle Earth Elementalist began the quest
                  | for the Orb.
     0 | D:1      | Reached XP level 1. HP: 10/10 MP: 3/3
   336 | D:1      | Reached XP level 2. HP: 7/15 MP: 0/5
   933 | D:1      | Reached XP level 3. HP: 19/19 MP: 6/6
   938 | D:1      | Learned a level 3 spell: Stone Arrow
  1255 | D:2      | Found a glowing golden altar of the Shining One.
  1470 | D:2      | Noticed Sigmund
  1614 | D:2      | Killed Sigmund
  1614 | D:2      | Reached skill level 5 in Earth Magic
  1614 | D:2      | Reached XP level 4. HP: 24/24 MP: 0/9
  1614 | D:2      | Reached XP level 5. HP: 28/28 MP: 0/10
  1633 | D:2      | Learned a level 5 spell: Lee's Rapid Deconstruction
  1737 | D:2      | Found a runed translucent door.
  1738 | D:2      | Noticed Crazy Yiuf
  1743 | D:2      | Killed Crazy Yiuf
  1743 | D:2      | Reached XP level 6. HP: 32/32 MP: 4/11
  2189 | D:3      | Found a shimmering altar of Xom.
  2190 | D:3      | Found a hazy altar of Hepliaklqana.
  2191 | D:3      | Noticed a spectral ugly thing
  2246 | D:3      | Gained mutation: Armour fits poorly on your strangely
                  | shaped body. [potion of mutation]
  2246 | D:3      | Gained mutation: You are robust. (+10% HP) [potion of
                  | mutation]
  2336 | D:3      | Found a blossoming altar of Fedhas.
  2347 | D:3      | Found a snail-covered altar of Cheibriados.
  2393 | D:3      | Found a runed translucent gate.
  2394 | D:3      | Found a runed translucent gate.
  2394 | D:3      | Found a runed translucent gate.
  2400 | D:3      | Noticed demivan's ghost (weakling DrTm)
  2966 | D:4      | Found Nysseal's Jewellery Emporium.
  3667 | D:4      | Found a staircase to the Ecumenical Temple.
  3684 | Temple   | Entered the Ecumenical Temple
  3727 | Temple   | Became a worshipper of Vehumet
  3769 | D:4      | Reached XP level 7. HP: 39/39 MP: 7/12
  3958 | D:4      | Found a shadowy altar of Dithmenos.
  4081 | D:5      | Entered Level 5 of the Dungeon
  4099 | D:5      | Found Biul's Food Shop.
  4341 | D:5      | Reached XP level 8. HP: 45/45 MP: 11/14
  4424 | D:5      | Found a sparkling altar of Nemelex Xobeh.
  4543 | D:5      | Found Koujoull's Distillery.
  4558 | D:5      | Bought a potion of invisibility for 104 gold pieces
  4558 | D:5      | Bought a potion of heal wounds for 65 gold pieces
  4816 | D:6      | Reached skill level 1 in Fighting
  4828 | D:6      | Reached * piety under Vehumet
  4828 | D:6      | Offered knowledge of Sting by Vehumet.
  4866 | D:6      | Reached skill level 1 in Armour
  4884 | D:5      | Reached skill level 1 in Evocations
  5051 | D:5      | Bought a potion of mutation for 104 gold pieces
  5051 | D:5      | Lost mutation: Armour fits poorly on your strangely shaped
                  | body. [potion of mutation]
  5051 | D:5      | Lost mutation: You are robust. (+10% HP) [potion of
                  | mutation]
  5051 | D:5      | Gained mutation: You passively map a small area around you.
                  | [potion of mutation]
  5051 | D:5      | Gained mutation: You are resistant to hostile enchantments.
                  | (MR+) [potion of mutation]
  5153 | D:6      | Reached skill level 5 in Spellcasting
  5240 | D:6      | Reached skill level 5 in Conjurations
  5344 | D:6      | Reached XP level 9. HP: 49/49 MP: 9/16
  5625 | D:6      | Found a sacrificial altar of Ru.
  5974 | D:7      | Reached ** piety under Vehumet
  5977 | D:7      | Offered knowledge of Throw Frost by Vehumet.
  5982 | D:7      | Reached skill level 5 in Maces & Flails
  6266 | D:7      | Found an iron altar of Okawaru.
  6356 | D:7      | Offered knowledge of Searing Ray by Vehumet.
  6591 | D:7      | Reached *** piety under Vehumet
  6591 | D:7      | Reached XP level 10. HP: 56/56 MP: 15/18
  6613 | D:7      | Found an ancient bone altar of Kikubaaqudgha.
  6667 | D:7      | Identified the +4 quarterstaff of Armageddon {speed, Int+3}
  6845 | D:7      | Learned a level 3 spell: Mephitic Cloud
  6909 | D:8      | Noticed a two-headed ogre
  6928 | D:8      | Killed a two-headed ogre
  6966 | D:8      | Offered knowledge of Inner Flame by Vehumet.
  7263 | D:8      | Noticed Pikel
  7287 | D:8      | Killed Pikel
  7333 | D:8      | Noticed Erica
  7346 | D:8      | Killed Erica
  7559 | D:8      | Reached skill level 5 in Armour
  7752 | D:9      | Noticed a cyclops
  7753 | D:9      | a cyclops changed into a hippogriff
  7866 | D:9      | Reached **** piety under Vehumet
  7868 | D:9      | Reached skill level 5 in Fighting
  7894 | D:9      | Offered knowledge of Throw Icicle by Vehumet.
  7899 | D:9      | Reached XP level 11. HP: 45/63 MP: 16/20
  7980 | D:9      | Found Nezxasae's Jewellery Emporium.
  8044 | D:9      | Noticed an angel
  8045 | D:9      | Found a glowing silver altar of Zin.
  8239 | D:9      | Learned a level 5 spell: Bolt of Magma
  8246 | D:9      | Learned a level 6 spell: Iron Shot
  8460 | D:9      | Found a basalt altar of Yredelemnul.
  8833 | D:10     | Entered Level 10 of the Dungeon
  8934 | D:10     | Reached skill level 1 in Fire Magic
  9088 | D:10     | Found a staircase to the Lair.
  9093 | D:10     | Killed an unseen horror
  9286 | D:10     | Noticed a death knight
  9381 | D:10     | Noticed a purple ugly thing
  9590 | D:10     | Noticed a two-headed ogre
  9612 | D:10     | Killed a two-headed ogre
  9612 | D:10     | Reached skill level 2 in Fire Magic
  9614 | D:10     | Noticed a moth of wrath
  9617 | D:10     | Killed a purple ugly thing
  9622 | D:10     | Killed a moth of wrath
  9666 | D:10     | Noticed an ogre mage
  9849 | D:10     | Killed an ogre mage
 10160 | D:10     | Reached skill level 3 in Fire Magic
 10257 | D:10     | Killed a death knight
 10514 | D:10     | Killed an unseen horror
 10514 | D:10     | Reached skill level 5 in Evocations
 10624 | D:10     | Noticed a centaur warrior
 10631 | D:10     | Killed a centaur warrior
 10631 | D:10     | Reached skill level 5 in Dodging
 10943 | D:11     | Reached XP level 12. HP: 64/70 MP: 18/22
 11029 | D:11     | Reached ***** piety under Vehumet
 11029 | D:11     | Reached skill level 4 in Fire Magic
 11045 | D:11     | Offered knowledge of Olgreb's Toxic Radiance by Vehumet.
 11288 | D:11     | Noticed a centaur warrior
 11295 | D:11     | Killed a centaur warrior
 11444 | D:11     | Noticed Sonja
 11446 | D:11     | Killed Sonja
 11642 | D:12     | Reached skill level 5 in Fire Magic
 11957 | D:12     | Found a staircase to the Orcish Mines.
 12065 | D:12     | Reached skill level 10 in Earth Magic
 12303 | D:12     | Found Fuzeytt's Book Boutique.
 13277 | D:13     | Noticed a two-headed ogre
 13283 | D:13     | Killed a two-headed ogre
 13371 | D:13     | Reached skill level 6 in Fire Magic
 13652 | D:13     | Reached XP level 13. HP: 70/76 MP: 5/24
 14161 | D:14     | Found a gate to the Vaults.
 14161 | D:14     | Noticed Urug
 14370 | D:14     | Offered knowledge of Bolt of Cold by Vehumet.
 14404 | D:14     | Killed Urug
 14418 | D:14     | Reached skill level 7 in Fire Magic
 15720 | D:14     | Found Lionlig's Gadget Boutique.
 15971 | Lair:1   | Entered Level 1 of the Lair of Beasts
 16029 | Lair:1   | Reached skill level 8 in Fire Magic
 16552 | Lair:1   | Got a fine whip
 16553 | Lair:1   | Identified the cursed +0 whip "Xunejit" {pain, +Fly rC-
                  | MP+9 Dex+5} (You found it on level 1 of the Lair of Beasts)
 16629 | Lair:1   | Gained mutation: Your large and strong wings let you fly
                  | indefinitely. [Gargoyle growth]
 16629 | Lair:1   | Reached XP level 14. HP: 84/84 MP: 18/26
 17218 | Lair:2   | Found a burning altar of Makhleb.
 17966 | Lair:3   | Noticed Fannar
 18217 | Lair:3   | Killed Fannar
 18689 | Lair:3   | Offered knowledge of Conjure Ball Lightning by Vehumet.
 18797 | Lair:3   | HP: 4/84 [tyrant leech (19)]
 18966 | Lair:3   | Reached skill level 9 in Fire Magic
 19592 | Lair:4   | Found a staircase to the Shoals.
 19829 | Lair:4   | Found a staircase to the Snake Pit.
 19944 | Lair:4   | Reached skill level 10 in Conjurations
 20586 | Lair:5   | Found a gate leading to a gauntlet.
 20604 | Gauntlet | Entered a Gauntlet
 20604 | Gauntlet | Found a large runed translucent door.
 20604 | Gauntlet | Found a large runed translucent door.
 20604 | Gauntlet | Found a large runed translucent door.
 20604 | Gauntlet | Found a large runed translucent door.
 20604 | Gauntlet | Found a runed translucent door.
 20604 | Gauntlet | Found a large runed translucent door.
 20604 | Gauntlet | Found a large runed translucent door.
 20604 | Gauntlet | Found a transporter.
 20604 | Gauntlet | Found a transporter.
 20604 | Gauntlet | Found a large runed translucent door.
 20604 | Gauntlet | Found a large runed translucent door.
 20604 | Gauntlet | Found a runed translucent gate.
 20604 | Gauntlet | Found a runed translucent gate.
 20604 | Gauntlet | Found a transporter.
 20605 | Gauntlet | Found a transporter.
 20608 | Gauntlet | Found a transporter.
 20618 | Gauntlet | Found a transporter.
 20623 | Gauntlet | Found a transporter.
 20633 | Gauntlet | Found a transporter.
 20639 | Gauntlet | Found a transporter.
 20656 | Gauntlet | Found a transporter.
 20664 | Gauntlet | Found a transporter.
 20682 | Gauntlet | Found a transporter.
 20686 | Gauntlet | Found a large runed translucent door.
 20686 | Gauntlet | Found a large runed translucent door.
 20687 | Gauntlet | Found a large runed translucent door.
 20687 | Gauntlet | Found a large runed translucent door.
 20688 | Gauntlet | Found a large runed translucent door.
 20688 | Gauntlet | Found a large runed translucent door.
 20688 | Gauntlet | Found a large runed translucent door.
 20688 | Gauntlet | Found a large runed translucent door.
 20689 | Gauntlet | Found a runed translucent door.
 20764 | Gauntlet | Found a runed translucent gate.
 20776 | Gauntlet | Found a large runed translucent door.
 20776 | Gauntlet | Found a large runed translucent door.
 20776 | Gauntlet | Found a transporter.
 20776 | Gauntlet | Found a large runed translucent door.
 20777 | Gauntlet | Found a large runed translucent door.
 20777 | Gauntlet | Found a large runed translucent door.
 20777 | Gauntlet | Found a large runed translucent door.
 20786 | Gauntlet | Found a large runed translucent door.
 20786 | Gauntlet | Found a large runed translucent door.
 20786 | Gauntlet | Found a runed translucent door.
 20786 | Gauntlet | Found a runed translucent door.
 20787 | Gauntlet | Found a transporter.
 20787 | Gauntlet | Found a transporter.
 20787 | Gauntlet | Found a large runed translucent door.
 20788 | Gauntlet | Found a large runed translucent door.
 20790 | Gauntlet | Found a transporter.
 20791 | Gauntlet | Found a transporter.
 20799 | Gauntlet | Found a large runed translucent door.
 20799 | Gauntlet | Found a large runed translucent door.
 20800 | Gauntlet | Found a large runed translucent door.
 20801 | Gauntlet | Found a large runed translucent door.
 21018 | Gauntlet | Found a transporter.
 21079 | Gauntlet | Found a transporter.
 21082 | Gauntlet | Found a transporter.
 21166 | Gauntlet | Got a polished hat
 21177 | Gauntlet | Identified the +1 hat of Duty {rPois rF+ Str-2} (You found
                  | it in a Gauntlet)
 21273 | Gauntlet | Found a transporter.
 21316 | Gauntlet | Found a transporter.
 22149 | Lair:6   | Entered Level 6 of the Lair of Beasts
 22287 | Lair:6   | Found a dark tunnel.
 22294 | Volcano  | Entered a volcano
 22494 | Volcano  | Found a radiant altar of Vehumet.
 22497 | Volcano  | Noticed a red draconian
 22517 | Volcano  | Killed a red draconian
 22517 | Volcano  | Reached skill level 10 in Fire Magic
 22768 | Volcano  | Reached skill level 10 in Spellcasting
 22768 | Volcano  | Reached XP level 15. HP: 90/90 MP: 27/29
 22948 | Lair:6   | Reached XP level 16. HP: 65/96 MP: 30/30
 22982 | Lair:6   | Offered knowledge of Fireball by Vehumet.
 22995 | Lair:6   | Learned a level 5 spell: Fireball
 23917 | Lair:6   | Got a brightly glowing trident
 23920 | Lair:6   | Identified the +7 trident of Parts Unknown {flame, Str+4}
                  | (You found it on level 6 of the Lair of Beasts)
 24493 | Lair:6   | Found a viscous altar of Jiyva.
 24493 | Lair:6   | Found a staircase to the Slime Pits.
 24553 | Lair:6   | Reached skill level 10 in Maces & Flails
 25313 | Orc:1    | Entered Level 1 of the Orcish Mines
 25457 | Orc:1    | Offered knowledge of Ozocubu's Refrigeration by Vehumet.
 25904 | Orc:2    | Entered Level 2 of the Orcish Mines
 26625 | Orc:1    | Noticed Erolcha
 26769 | Orc:1    | Killed Erolcha
 26769 | Orc:1    | Reached skill level 11 in Fire Magic
 26910 | Orc:1    | Found Jeakh's General Store.
 26918 | Orc:1    | Bought a potion of brilliance for 60 gold pieces
 27096 | Orc:2    | Reached skill level 10 in Fighting
 27565 | Orc:2    | Found Esaisiywk's Assorted Antiques.
 27565 | Orc:2    | Found Mifraace's Assorted Antiques.
 27586 | Orc:2    | Bought a transparent steel amulet for 110 gold pieces
 27586 | Orc:2    | Bought a scroll of identify for 44 gold pieces
 27586 | Orc:2    | Bought a vibrating jade amulet for 110 gold pieces
 27586 | Orc:2    | Bought a scroll of identify for 44 gold pieces
 27586 | Orc:2    | Identified the amulet "Geiph" {Faith rElec MR+ Int-5 Dex+8
                  | Stlth+} (You bought it in a shop on level 2 of the Orcish
                  | Mines)
 27589 | Orc:2    | Identified the amulet "Lul Ohodd" {+Blink Regen+ Str-3
                  | Int+4 Stlth+} (You bought it in a shop on level 2 of the
                  | Orcish Mines)
 27650 | Orc:2    | Found a roughly hewn altar of Beogh.
 27919 | Orc:2    | Offered knowledge of Poison Arrow by Vehumet.
 28109 | Orc:2    | Found a runed translucent door.
 28110 | Orc:2    | Found a shimmering altar of Xom.
 28110 | Orc:2    | Noticed P0WERM0DE's ghost (journeyman DDFi)
 28128 | Orc:2    | Found Meatso's Weapon Emporium.
 28128 | Orc:2    | Found Eteschuh's Food Shop.
 28149 | Orc:2    | Found a staircase to the Elven Halls.
 28452 | Orc:2    | Bought a potion of haste for 310 gold pieces
 28452 | Orc:2    | Bought a scroll of teleportation for 93 gold pieces
 28452 | Orc:2    | Bought a scroll of blinking for 232 gold pieces
 28538 | D:15     | Entered Level 15 of the Dungeon
 29052 | D:15     | Reached XP level 17. HP: 103/103 MP: 16/32
 29268 | D:15     | Noticed Kirke
 29274 | D:15     | Killed Kirke
 29346 | D:15     | Noticed Jorgrun
 29352 | D:15     | Killed Jorgrun
 30136 | D:15     | Found a staircase to the Depths.
 30307 | Elf:1    | Entered Level 1 of the Elven Halls
 30437 | Elf:1    | Reached skill level 12 in Fire Magic
 31074 | Elf:1    | Found Poepriotisk's Distillery.
 31078 | Elf:1    | Bought a potion of curing for 48 gold pieces
 31078 | Elf:1    | Bought a potion of heal wounds for 80 gold pieces
 31078 | Elf:1    | Bought a potion of agility for 64 gold pieces
 31078 | Elf:1    | Bought a potion of curing for 48 gold pieces
 31078 | Elf:1    | Bought a potion of berserk rage for 80 gold pieces
 31133 | Elf:1    | Reached ****** piety under Vehumet
 31151 | Elf:1    | Noticed a Tzitzimitl
 31152 | Elf:1    | Offered knowledge of Bolt of Fire by Vehumet.
 31235 | Elf:1    | Learned a level 6 spell: Bolt of Fire
 32121 | Elf:2    | Found Suesoul's Weapon Shoppe.
 32288 | Elf:2    | Found a frozen archway.
 32294 | IceCv    | Entered an ice cave
 33668 | IceCv    | Reached XP level 18. HP: 110/110 MP: 34/34
 33766 | IceCv    | Got a pair of fine gloves
 33777 | IceCv    | Identified the +2 pair of gloves "Tazuklit" {rCorr} (You
                  | found it in an ice cave)
 34364 | Elf:2    | Reached skill level 13 in Fire Magic
 34531 | Elf:2    | Found a huge runed translucent gate.
 34531 | Elf:2    | Found a huge runed translucent gate.
 34531 | Elf:2    | Found a huge runed translucent gate.
 34534 | Elf:2    | Found a huge runed translucent gate.
 34534 | Elf:2    | Noticed Nikola
 34535 | Elf:2    | Found a huge runed translucent gate.
 34541 | Elf:2    | Killed Nikola
 35150 | Elf:3    | Entered Level 3 of the Elven Halls
 36179 | Elf:3    | Cast into level 2 of the Abyss (a deep elf sorcerer)
 36385 | Abyss:2  | Offered knowledge of Lehudib's Crystal Spear by Vehumet.
 36385 | Abyss:2  | Offered knowledge of Shatter by Vehumet.
 36385 | Abyss:2  | Offered knowledge of Ignition by Vehumet.
 36434 | Abyss:2  | Identified the Tome of Captivating Orientation
 36674 | Elf:3    | Escaped the Abyss
 37190 | Elf:3    | Learned a level 8 spell: Ignition
 37353 | Elf:3    | Noticed a Hell Sentinel
 37353 | Elf:3    | Reached skill level 14 in Fire Magic
 37353 | Elf:3    | Reached XP level 19. HP: 102/116 MP: 35/35
 37566 | Elf:3    | Identified the ring of Pida {rElec rF+ MR+ rCorr Str-4}
 37614 | Elf:3    | Identified the +10 great sword "Nyejia" {slice, +Rage rPois
                  | rF- Str+2}
 37614 | Elf:3    | Identified the ring "Zorr" {Fire rPois Str-4 Dex+4 SInv}
 37962 | Elf:3    | Identified the ring of Doubts {*Corrode rElec rF+ Int+4
                  | Stlth-}
 38133 | Elf:3    | Found the -2 hat of the Alchemist {rElec rPois rF+ rC+ rN+
                  | MR+ rMut rCorr}
 38138 | Elf:3    | Identified Qiexezyd's Collected Works on Translocation
 38150 | Elf:3    | Got a vibrating marble ring
 38153 | Elf:3    | Identified the ring of Ysyuntup {rPois Str+2} (You found it
                  | on level 3 of the Elven Halls)
 38223 | Elf:3    | Got an ancient sapphire amulet
 38224 | Elf:3    | Identified the amulet "Vahub" {Regen+ Str+2 Stlth+} (You
                  | found it on level 3 of the Elven Halls)
 39501 | Snake:1  | Entered Level 1 of the Snake Pit
 40254 | Snake:1  | Found Looruhis's Antique Weapon Shoppe.
 40624 | Snake:1  | Found Jopn's Jewellery Boutique.
 40625 | Snake:1  | Found Peecill's Gadget Shoppe.
 40626 | Snake:1  | Found Xennir's Jewellery Boutique.
 40636 | Snake:1  | Identified a scroll of acquirement
 41171 | Snake:2  | Noticed Aizul
 41181 | Snake:2  | Killed Aizul
 41196 | Snake:2  | Reached skill level 10 in Dodging
 41201 | Snake:2  | Noticed Frances
 41428 | Snake:2  | Killed Frances
 42488 | Snake:3  | Noticed Agnes
 42496 | Snake:3  | Killed Agnes
 42716 | Snake:3  | Noticed Saint Roka
 42719 | Snake:3  | Noticed Vashnia
 42741 | Snake:3  | Killed Saint Roka
 42741 | Snake:3  | Killed Vashnia
 42741 | Snake:3  | Reached skill level 15 in Fire Magic
 42748 | Snake:3  | Reached skill level 15 in Earth Magic
 43052 | Snake:3  | Reached XP level 20. HP: 109/124 MP: 35/37
 43247 | Snake:3  | Found Xifufue's Armour Emporium.
 43250 | Snake:3  | Bought a scarf of cloud immunity for 112 gold pieces
 43569 | Snake:3  | Identified Sif Muna's Guide on the Enthralling Rocks
 43702 | Snake:4  | Entered Level 4 of the Snake Pit
 44377 | Snake:4  | Found Fypla's Armour Shop.
 44379 | Snake:4  | Found Cearch's General Store.
 44379 | Snake:4  | Found Laitun's Food Boutique.
 44382 | Snake:4  | Found Yzeel's Assorted Antiques.
 44402 | Snake:4  | Bought a scroll of blinking for 127 gold pieces
 44402 | Snake:4  | Bought a potion of curing for 51 gold pieces
 44408 | Snake:4  | Bought a potion of heal wounds for 180 gold pieces
 44408 | Snake:4  | Bought a potion of curing for 108 gold pieces
 44408 | Snake:4  | Bought a scroll of identify for 72 gold pieces
 44408 | Snake:4  | Bought a scroll of blinking for 270 gold pieces
 44414 | Snake:4  | Bought a ration for 50 gold pieces
 44414 | Snake:4  | Bought a ration for 50 gold pieces
 44414 | Snake:4  | Bought a ration for 50 gold pieces
 44414 | Snake:4  | Bought a ration for 50 gold pieces
 44414 | Snake:4  | Bought a ration for 50 gold pieces
 44414 | Snake:4  | Bought a ration for 50 gold pieces
 44414 | Snake:4  | Bought a ration for 50 gold pieces
 44414 | Snake:4  | Bought a ration for 50 gold pieces
 44414 | Snake:4  | Bought a ration for 50 gold pieces
 44414 | Snake:4  | Bought a ration for 50 gold pieces
 44414 | Snake:4  | Bought a ration for 50 gold pieces
 44679 | Snake:4  | Found a large runed translucent door.
 44679 | Snake:4  | Found a large runed translucent door.
 44717 | Snake:4  | Noticed Xenophilius's ghost (adept DsBe)
 45136 | Snake:4  | Got a serpentine rune of Zot
 45503 | Shoals:1 | Entered Level 1 of the Shoals
 45736 | Shoals:1 | Found a detected shop or portal.
 45751 | Shoals:1 | Bought a potion of curing for 60 gold pieces
 45751 | Shoals:1 | Bought a potion of brilliance for 80 gold pieces
 45751 | Shoals:1 | Bought a potion of heal wounds for 100 gold pieces
 45751 | Shoals:1 | Bought a potion of curing for 60 gold pieces
 45751 | Shoals:1 | Bought a potion of magic for 160 gold pieces
 45751 | Shoals:1 | Bought a potion of magic for 160 gold pieces
 45751 | Shoals:1 | Bought a potion of haste for 200 gold pieces
 45751 | Shoals:1 | Bought a potion of brilliance for 80 gold pieces
 47325 | Shoals:2 | Found a hide-covered altar of Uskayaw.
 47881 | Shoals:2 | Found a runed translucent door.
 47882 | Shoals:2 | Noticed Iphiug Qeph's ghost (adept GrFi)
 48226 | Shoals:3 | Noticed Ilsuiw
 48227 | Shoals:3 | Reached skill level 16 in Fire Magic
 48231 | Shoals:3 | Killed Ilsuiw
 48231 | Shoals:3 | Reached XP level 21. HP: 122/130 MP: 38/38
 49164 | Shoals:4 | Entered Level 4 of the Shoals
 50263 | Shoals:4 | Got a barnacled rune of Zot
 50884 | Vaults:1 | Entered Level 1 of the Vaults
 50954 | Vaults:1 | Found Huodwus's Antique Weapon Boutique.
 51316 | Vaults:1 | Found Tiodarik's Antique Weapon Shoppe.
 51328 | Vaults:1 | Found Ajais's Armour Shop.
 51331 | Vaults:1 | Bought the +0 helmet of Fashionability {rF+ Int+5} for 464
                  | gold pieces
 51898 | Vaults:1 | Found Siekasom's Weapon Boutique.
 52460 | Vaults:1 | Found Butun's Weapon Emporium.
 52781 | Vaults:2 | Identified the cursed +2 mace of the Fulmar {crush, +Fly
                  | rPois rC- rN++} (You found it on level 2 of the Vaults)
 52792 | Vaults:2 | Found a staircase to the Crypt.
 52810 | Vaults:2 | Reached skill level 17 in Fire Magic
 52810 | Vaults:2 | Reached XP level 22. HP: 126/137 MP: 23/40
 53178 | Vaults:2 | Noticed Sojobo
 53199 | Vaults:2 | Killed Sojobo
 53408 | Vaults:2 | Reached skill level 15 in Conjurations
 53571 | Vaults:2 | Reached skill level 1 in Shields
 54806 | Vaults:3 | Noticed Bai Suzhen
 54815 | Vaults:3 | Killed Bai Suzhen
 55707 | Vaults:3 | Noticed Mara
 55728 | Vaults:3 | Killed Mara
 55728 | Vaults:3 | Reached XP level 23. HP: 139/143 MP: 12/41
 56287 | Vaults:4 | Found a roughly hewn altar of Beogh.
 56486 | Vaults:4 | Reached skill level 18 in Fire Magic
 57311 | Vaults:4 | Reached skill level 15 in Fighting
 57452 | Vaults:5 | Entered Level 5 of the Vaults
 57467 | Vaults:4 | Learned a level 9 spell: Shatter
 57813 | Vaults:5 | Reached skill level 15 in Spellcasting
 57814 | Vaults:5 | Reached XP level 24. HP: 151/151 MP: 41/42
 58297 | Vaults:5 | Reached skill level 19 in Fire Magic
 59900 | Vaults:5 | Found the ring of the Octopus King
 59902 | Vaults:5 | Got a silver rune of Zot
 59904 | Vaults:5 | Got a ring of the Octopus King
 59905 | Vaults:5 | Identified a ring of the Octopus King {rC+ AC+1 EV+1 Str+1
                  | Int+1 Dex+1} (You found it on level 5 of the Vaults)
 60227 | Vaults:5 | Identified Sif Muna's Grimoire of Big Damage
 60786 | Crypt:1  | Entered Level 1 of the Crypt
 61610 | Crypt:1  | Noticed Mennas
 62026 | Crypt:1  | Learned a level 8 spell: Lehudib's Crystal Spear
 62287 | Crypt:1  | Killed Mennas
 63648 | Crypt:3  | Entered Level 3 of the Crypt
 63680 | Crypt:3  | Reached XP level 25. HP: 133/157 MP: 42/42
 64144 | Crypt:3  | Noticed an ancient lich
 64617 | Crypt:3  | Killed an ancient lich
 64772 | Crypt:3  | Reached skill level 20 in Fire Magic
 65175 | Crypt:3  | Identified the Papyrus of Black Rites
 65210 | Crypt:3  | Found a basalt altar of Yredelemnul.
 65238 | Crypt:3  | Identified the cursed -5 cloak "Dularhio" {*Contam rPois
                  | rF- SInv} (You found it on level 3 of the Crypt)
 65328 | Crypt:3  | Found a staircase to the Tomb.
 65805 | Depths:1 | Entered Level 1 of the Depths
 66311 | Depths:1 | Found a gateway to Hell.
 66502 | Depths:1 | Found Risch's Jewellery Boutique.
 66904 | Depths:2 | Reached XP level 26. HP: 162/165 MP: 26/43
 67249 | Depths:2 | You are sucked into a shaft and drop 2 floors!
 67249 | Depths:4 | Found a one-way gate to the infinite horrors of the Abyss.
 67503 | Depths:4 | Found a portal to a secret trove of treasure.
 68870 | Depths:3 | Noticed Louise
 68877 | Depths:3 | Killed Louise
 68935 | Depths:3 | Found a one-way gate leading to the halls of Pandemonium.
 69191 | Depths:3 | Reached skill level 21 in Fire Magic
 70027 | Depths:3 | Found a shadowy altar of Dithmenos.
 70030 | Depths:3 | Found the +2 cloak of the Thief {+Fog Slay-2 SInv Stlth+}
 70048 | Depths:3 | Identified the +5 shadow dragon scales of Decompression
                  | {SInv Stlth++++}
 70487 | Depths:3 | Found Fozaviomm's Magic Scroll Shoppe.
 70495 | Depths:3 | Bought a scroll of teleportation for 51 gold pieces
 70495 | Depths:3 | Bought a scroll of identify for 34 gold pieces
 70495 | Depths:3 | Bought a scroll of blinking for 127 gold pieces
 70495 | Depths:3 | Bought a scroll of teleportation for 51 gold pieces
 70495 | Depths:3 | Bought a scroll of blinking for 127 gold pieces
 70495 | Depths:3 | Bought a scroll of magic mapping for 59 gold pieces
 72034 | Depths:4 | Identified the +2 falchion of Fear {drain, rN+ Dex+5}
 72341 | Depths:4 | Reached XP level 27. HP: 170/172 MP: 20/43
 72489 | Depths:4 | Identified Dioripla's Catalogue of Poison
 72881 | Depths:5 | Entered Level 5 of the Depths
 72976 | Depths:5 | Noticed Boris
 72992 | Depths:5 | Killed Boris
 73107 | Depths:5 | Noticed Jory
 73113 | Depths:5 | Killed Jory
 73631 | Depths:5 | Found a gateway to a ziggurat.
 73937 | Depths:5 | Noticed Margery
 73941 | Depths:5 | Killed Margery
 74204 | Depths:5 | Found a gate to the Realm of Zot.
 74933 | Depths:4 | Voluntarily entered the Abyss.
 75208 | Abyss:1  | Found a corrupted altar of Lugonu.
 75407 | Abyss:1  | Reached skill level 22 in Fire Magic
 76344 | Abyss:3  | Noticed an ancient lich
 76350 | Abyss:3  | Killed an ancient lich
 76357 | Abyss:3  | Found a transporter.
 76367 | Abyss:3  | Got an abyssal rune of Zot
 76369 | Abyss:3  | Found a transporter.
 76370 | Abyss:3  | Reached skill level 15 in Dodging
 76551 | Abyss:4  | Paralysed by accursed screaming for 1 turns
 76577 | Abyss:4  | Paralysed by accursed screaming for 1 turns
 76580 | Depths:4 | Escaped the Abyss
 76852 | Depths:4 | You showed the abyssal rune of Zot to enter a treasure
                  | trove
 76853 | Trove    | Entered a treasure trove
 76859 | Trove    | Got a pair of twisted gloves
 76860 | Trove    | Identified the +2 pair of gloves of Joy {MR+ rCorr Int+2}
                  | (You found it in a treasure trove)
 76886 | Trove    | Identified a +0 pair of boots of running (You found it in a
                  | treasure trove)
 76891 | Trove    | Identified the +0 robe "Gyju" {-Tele rElec rCorr Str-2}
                  | (You found it in a treasure trove)
 76893 | Trove    | Identified the +5 shield of Hopscotch {*Slow +Blink rF-
                  | rN+++} (You found it in a treasure trove)
 76897 | Trove    | Identified the +2 hat of a bazaar {+Fly} (You found it in a
                  | treasure trove)
 77282 | Slime:1  | Entered Level 1 of the Pits of Slime
 77588 | Slime:1  | Upgraded the game from 0.24-a0-549-g45f0056d81 to
                  | 0.24-a0-580-g6a6c3f83c1
 77778 | Slime:3  | Noticed Dissolution
 77785 | Slime:3  | Killed Dissolution
 78220 | Slime:5  | Entered Level 5 of the Pits of Slime
 78452 | Slime:5  | Noticed the Royal Jelly
 78862 | Slime:5  | Killed the Royal Jelly
 79162 | Slime:5  | Got a coiled silver ring
 79163 | Slime:5  | Identified the ring of the Prince of Darkness {rElec rN+
                  | Int+6} (You found it on level 5 of the Pits of Slime)
 79166 | Slime:5  | Identified the Almanac of Dislocation and Evil Rites
 79451 | Slime:5  | Got a smoking glass ring
 79452 | Slime:5  | Identified the ring of the Barnacle {MR+ Dex+3 Slay+6} (You
                  | found it on level 5 of the Pits of Slime)
 79476 | Slime:5  | Identified Sif Muna's Compendium of Dark Secrets and
                  | Self-Knowledge
 79510 | Slime:5  | Got a slimy rune of Zot
 79995 | Zot:1    | Entered Level 1 of the Realm of Zot
 80069 | Depths:5 | Learned a level 5 spell: Dispel Undead
 80271 | Zot:1    | Reached skill level 1 in Necromancy
 80385 | Zot:1    | Found a runed translucent door.
 80385 | Zot:1    | Found a shimmering altar of Xom.
 80385 | Zot:1    | Noticed Ibecog's ghost (veteran MiBe)
 80410 | Zot:1    | Paralysed by a +4 scimitar of chaos for 3 turns
 80431 | Zot:1    | Paralysed by a +4 scimitar of chaos for 2 turns
 81337 | Zot:1    | Noticed an orb of fire
 81415 | Zot:1    | HP: 8/177 [Ibecog's ghost (25)]
 81415 | Zot:1    | Slain by Ibecog's ghost

Levels and vault maps discovered:
D:1:      nagdon_arrival_double_spiral, layout_rooms, minmay_misc_feat_iff,
          minmay_box_of_dots
D:2:      layout_loops_corners, tso_metal_star, first_ration, uniq_sigmund,
          uniq_crazy_yiuf_cottage
D:3:      layout_basic, regret_index_temple_of_mockery, minitemple,
          gammafunk_ghost_necromancy
D:4:      layout_cave_pools, lemuel_doored_altar,
          minmay_temple_entry_statues_pillars, serial_shops, shop
D:5:      layout_cave_pools, serial_shops, nicolae_shop_waterfront, shop,
          small_statue_intersection, kennysheep_flooded_box, abandoned_shop
D:6:      layout_loops_ring, basic_altar
D:7:      layout_gridville, kennysheep_okawaru_gauntlet, lemuel_crystal_altar
D:8:      layout_basic, serial_glass, glass_columns_a, glass_columns_a,
          uniq_pikel, uniq_erica
D:9:      layout_basic, zin_angel, lemuel_mausoleum_altar_yredelemnul,
          serial_shops, shop
D:10:     minmay_the_grid_triangle_9x9_recursive_2_mashed
          [minmay_the_grid_triangle_9x9_prize_insulated,
          minmay_the_grid_triangle_9x9_wacky_v,
          minmay_the_grid_triangle_9x9_steps,
          minmay_the_grid_triangle_9x9_skeleton], layout_irregular_city
D:11:     layout_basic, uniq_sonja
D:12:     layout_layer_cave, david_orc_1_choice, serial_shops,
          nicolae_shop_trees
D:13:     layout_gridville, hangedman_pestilent_swarm
D:14:     layout_loops_corners, david_vaults_3, serial_shops,
          kennysheep_little_box
D:15:     gammafunk_enter_depths_forms, layout_small_grid, due_unseen_surprise,
          uniq_kirke, uniq_jorgrun
Temple:   nicolae_temple_hex_pool
Lair:1:   layout_chaotic_city
Lair:2:   layout_chaotic_city, basic_altar
Lair:3:   layout_chaotic_city, st_stairs_10, roderic_batcave, worms_lemuel,
          uniq_fannar
Lair:4:   layout_hall_layers, shoals_dummy_entry,
          minmay_snake_entry_guardpost_medium, grunt_forest_large_clearing_hut
Lair:5:   layout_gridlike, gauntlet_entry_generic
Lair:6:   minmay_lair_end_frog_pond, layout_hall_layers, slime_altar_1,
          nicolae_volcano_entry_hallway, serial_bayou_shore_a
Shoals:1: layout_shoals, serial_shops, nicolae_shop_trees, st_cyclops
Shoals:2: layout_shoals, ebering_ghost_inner_flame, lemuel_oklob_altar
Shoals:3: layout_shoals, uniq_ilsuiw
Shoals:4: shoals_end_hangedman, layout_shoals
Snake:1:  layout_layer_cave, serial_shops, shop, grunt_megastairs_3,
          minmay_shop_grove
Snake:2:  layout_misc_corridors, uniq_aizul, uniq_frances
Snake:3:  layout_basic, serial_shops, shop, hangedman_snake_pattern,
          uniq_saint_roka, uniq_vashnia, uniq_agnes
Snake:4:  snake_pit, layout_cave_shapes, ebering_ghost_disaster_area,
          grunt_ministairs_10, st_stairs_12, minmay_shoptagon
Slime:1:  layout_caves
Slime:2:  layout_caves
Slime:3:  layout_caves, uniq_dissolution
Slime:4:  layout_caves
Slime:5
Orc:1:    layout_caves, serial_shops, shop, uniq_erolcha
Orc:2:    st_orc_town, layout_caves, ebering_ghost_xom
Elf:1:    elf_arrival_002, layout_geoelf_octagon, serial_shops, shop,
          hangedman_elf_represent
Elf:2:    layout_loops_cross, portal_ice_cave_entry_horrid_things, serial_shops,
          nicolae_shop_waterfront, uniq_nikola
Elf:3:    minmay_elf_hall_spiked, layout_loops_corners, grunt_megastairs_4
Vaults:1: hangedman_vaults_stagger, v_misc_31, ontoclasm_vaults_twist,
          ontoclasm_vaults_decontamination, vaults_dpeg_encased_lava, v_misc_29,
          nicolae_vaults_rhombus_5, grunt_vaults_focal,
          nicolae_vaults_little_squares_3, ontoclasm_vaults_loading_screen,
          layout_vaults_omnigrid, serial_shops, shop, shop, shop,
          nicolae_shop_behind_doors, shop
Vaults:2: vaults_mumra_minichess_inversion, hangedman_vaults_maws,
          vaults_dpeg_hooks, v_misc_1, hangedman_vaults_trim,
          grunt_vaults_hallway_short, ontoclasm_vaults_ring_large,
          ontoclasm_vaults_chip, vaults_mumra_hex,
          minmay_crypt_entry_simple_corners, nicolae_vaults_diagonal_hallway_8,
          ontoclasm_vaults_hangar, layout_vaults_big_room, uniq_sojobo
Vaults:3: v_misc_19, ontoclasm_vaults_ring_large,
          nicolae_vaults_little_squares_5, vaults_room_door_hall,
          grunt_vaults_trifunnel, st_smaller_cells, v_misc_3,
          nicolae_vaults_three_branches, ontoclasm_vaults_ligature,
          nicolae_vaults_circle_grid_a, nicolae_vaults_ring_of_whatevers,
          v_alt_pattern_5, nicolae_vaults_little_squares_1,
          hangedman_vaults_maws, layout_vaults_maze_bifur, uniq_mara,
          uniq_bai_suzhen
Vaults:4: grunt_vaults_funnel, v_alt_pattern_3, v_misc_32, v_misc_9,
          vaults_standard_mumra_enter_the_diamond, ontoclasm_vaults_ring_square,
          v_misc_12, v_rooms_1, grunt_vaults_hallway_long,
          nicolae_vaults_specimen_jars, special_room_vaults [special_room_orc],
          vaults_room_stairs_pillars, ontoclasm_vaults_pinch,
          layout_vaults_big_cross
Vaults:5: serial_shops
Crypt:1:  layout_gridlike, uniq_mennas
Crypt:2:  layout_rooms, hex_intersection
Crypt:3:  cryptofortress_bobbens
Depths:1: layout_long_grid, kennysheep_crisscross, hell_entry,
          chequers_serial_rivers_room_b, minmay_shop_enchanted_jewellery,
          kennysheep_generic_room_6, serial_bayou_shore_b
Depths:2: minmay_diamond_stairs, layout_cave_pools, bh_walls_and_bars,
          hangedman_abyss_entry_splay, hell_entry, infiniplex_staircase_spiral,
          serial_bayou_shore_b
Depths:3: regret_index_dithmenos_brocken_genspenst, layout_basic,
          lightli_too_deep, rand_demon_pan_entry_8,
          nicolae_abyss_entry_one_way_or_another, serial_shops, shop
Depths:4: vault_1, layout_small_grid, abyss_entry, grunt_decor_resistance,
          rand_demon_pan_entry_3, nicolae_trove_entry_diagonal,
          hangedman_coc_ice_floe, chequers_decorated_corner,
          minmay_staircase_windowed_large
Depths:5: evilmike_zot_entry_diamond, layout_gridlike, enter_ziggurat_e,
          serial_co_window_serial, co_window_corner_a, co_window_corner_a,
          co_window_corner_a, co_window_paths_a, co_window_paths_b,
          co_window_paths_c, co_window_2corner, co_window_broadway_a,
          co_window_of_opportunity_b, co_window_cross_4, co_window_4corner_a,
          hell_entry, minmay_tree_intersection, uniq_jory, uniq_margery,
          uniq_boris
Zot:1:    layout_basic, ebering_ghost_xom, hangedman_zot_decor_checkerboard

Skill      XL: |  1  2  3  4  5  6  7  8  9 10 11 12 13 14 15 16 17 18 19 20 21 22 23 24 25 26 27 |
---------------+----------------------------------------------------------------------------------+-----
Earth Magic    | 4 5 6 7 8 9 10 11 12 13 14 15 16 17 18 19 21 | 21.6
Maces & Flails | 2 3 4 5 6 7 8 9 10 11 12 13 14 | 14.0
Spellcasting   | 3 4 5 6 7 8 10 11 12 13 14 15 16 18 | 18.1
Conjurations   | 2 3 4 5 6 7 8 9 10 11 12 13 14 15 16 17 18 | 18.0
Fighting       | 2 3 5 6 7 8 9 10 11 12 13 14 15 16 17 19 | 19.5
Armour         | 2 3 5 6 |  6.0
Dodging        | 2 3 4 5 6 7 8 9 10 11 12 13 14 15 | 15.8
Evocations     | 1 2 4 5 6 |  6.0
Fire Magic     | 3 6 8 10 11 12 14 15 16 17 18 19 20 21 22 | 22.0
Shields        | 4 |  4.0
Necromancy     | 2 |  2.7
Stealth        | |  2.1
Transmutations | |  0.7

Action                   |  1- 3 |  4- 6 |  7- 9 | 10-12 | 13-15 | 16-18 | 19-21 | 22-24 | 25-27 || total
-------------------------+-------+-------+-------+-------+-------+-------+-------+-------+-------++-------
Melee: Mace              |    97 |       |       |       |       |       |       |       |       ||    97
       Short sword       |       |    73 |   179 |     1 |       |       |       |       |       ||   253
       Morningstar       |       |       |    39 |       |    98 |   502 |   474 |   186 |       ||  1299
       Quarterstaff      |       |       |       |   471 |   507 |       |       |       |       ||   978
       Sacred scourge    |       |       |       |       |       |       |       |   156 |   713 ||   869
       Staff             |       |       |       |       |       |       |       |    54 |    80 ||   134
       Demon whip        |       |       |       |       |       |       |       |       |   269 ||   269
Throw: Dart              |     2 |       |       |       |       |       |       |       |       ||     2
       Throwing net      |       |       |       |       |       |       |       |    10 |     1 ||    11
       Javelin           |       |       |       |       |       |       |       |       |     1 ||     1
 Cast: Sandblast         |    19 |    16 |    86 |   106 |    79 |   142 |    31 |     8 |       ||   487
       Stone Arrow       |       |     3 |     8 |    25 |     3 |    39 |    13 |     1 |    23 ||   115
       Lee's Rapid Decon |       |       |    13 |    43 |    55 |   124 |    67 |    35 |    49 ||   386
       Iron Shot         |       |       |       |    17 |    41 |   134 |    92 |   117 |   194 ||   595
       Bolt of Magma     |       |       |       |    21 |    42 |    56 |       |       |       ||   119
       Mephitic Cloud    |       |       |       |       |     1 |       |       |       |       ||     1
       Fireball          |       |       |       |       |       |    46 |    21 |       |     4 ||    71
       Bolt of Fire      |       |       |       |       |       |    38 |    99 |    68 |   130 ||   335
       Ignition          |       |       |       |       |       |     3 |    76 |    87 |   101 ||   267
       Shatter           |       |       |       |       |       |       |       |    17 |    61 ||    78
       Lehudib's Crystal |       |       |       |       |       |       |       |     6 |    17 ||    23
 Abil: Fly               |       |       |       |       |     1 |       |       |       |       ||     1
       Evoke Fog         |       |       |       |       |       |       |       |       |     1 ||     1
Evoke: Wand              |       |       |       |     8 |     4 |    13 |    19 |       |     1 ||    45
       Lightning rod     |       |       |       |     4 |     7 |    17 |    11 |     2 |     8 ||    49
       Sack of spiders   |       |       |       |       |       |     1 |     3 |     4 |     2 ||    10
       Fan of gales      |       |       |       |       |       |     1 |     1 |       |       ||     2
       Phial of floods   |       |       |       |       |       |       |     1 |     1 |     4 ||     6
       Phantom mirror    |       |       |       |       |       |       |       |     1 |     1 ||     2
  Use: Scroll            |     5 |     5 |    11 |     9 |    12 |    11 |    15 |     9 |    19 ||    96
       Potion            |     2 |     1 |     3 |     4 |     6 |     5 |    11 |    22 |    12 ||    66
 Stab: Sleeping          |     1 |     3 |     2 |     3 |     2 |       |     1 |     1 |     1 ||    14
       Distracted        |       |       |       |     1 |       |       |       |     1 |     1 ||     3
  Eat: Ration            |     1 |       |       |     5 |     6 |     8 |    12 |    11 |    16 ||    59
       Chunk             |       |     7 |    13 |    28 |    44 |    88 |    91 |    61 |    90 ||   422
Armor: Robe              |    60 |    26 |   156 |   254 |   312 |   363 |   279 |   196 |   409 ||  2055
       Skin              |     6 |       |       |       |    13 |       |       |       |       ||    19
Dodge: Dodged            |    99 |    59 |   232 |   321 |   838 |   613 |   654 |   376 |   848 ||  4040
Block: Buckler           |       |       |       |       |       |       |       |   149 |   329 ||   478

Table legend:
 A = Non-vault XP
 B = Vault XP
 C = Vault XP percentage of total XP
 D = Non-vault monster count
 E = Vault monster count
 F = Vault count percentage of total count
                 A         B        C        D         E       F
            +---------+---------+-------+---------+---------+-------
      Total |  784022 |  719778 |  47.9 |    1611 |     970 |  37.6
            +---------+---------+-------+---------+---------+-------
        D:1 |      32 |       3 |   8.6 |      19 |       2 |   9.5
        D:2 |      31 |     264 |  89.5 |      15 |       2 |  11.8
        D:3 |      79 |       0 |   0.0 |      19 |       0 |   0.0
        D:4 |     225 |       0 |   0.0 |       8 |       0 |   0.0
        D:5 |     748 |       0 |   0.0 |      30 |       0 |   0.0
        D:6 |    1233 |       0 |   0.0 |      31 |       0 |   0.0
        D:7 |    2289 |       4 |   0.2 |      54 |       2 |   3.6
        D:8 |    1927 |    1556 |  44.7 |      23 |       2 |   8.0
        D:9 |    1427 |     599 |  29.6 |      24 |      12 |  33.3
       D:10 |    2084 |    6095 |  74.5 |      17 |      19 |  52.8
       D:11 |    3544 |     807 |  18.5 |      31 |       1 |   3.1
       D:12 |    5392 |     773 |  12.5 |      28 |       9 |  24.3
       D:13 |    5873 |     477 |   7.5 |      27 |       4 |  12.9
       D:14 |   10092 |    5211 |  34.1 |      32 |      20 |  38.5
       D:15 |   13419 |   13118 |  49.4 |      32 |      20 |  38.5
     Lair:1 |    6318 |       0 |   0.0 |      26 |       0 |   0.0
     Lair:2 |    3403 |       0 |   0.0 |      13 |       0 |   0.0
     Lair:3 |    1880 |    4226 |  69.2 |      10 |      22 |  68.8
     Lair:4 |    4841 |    2342 |  32.6 |      18 |       8 |  30.8
     Lair:5 |    1850 |     577 |  23.8 |      12 |       2 |  14.3
     Lair:6 |    7662 |   11590 |  60.2 |      29 |      49 |  62.8
   Shoals:1 |   10449 |    4147 |  28.4 |      26 |       8 |  23.5
   Shoals:2 |   17231 |     565 |   3.2 |      26 |       1 |   3.7
   Shoals:3 |   19964 |    5448 |  21.4 |      34 |       6 |  15.0
   Shoals:4 |   19238 |   21893 |  53.2 |      38 |      32 |  45.7
    Snake:1 |    2265 |    1576 |  41.0 |       6 |       4 |  40.0
    Snake:2 |   18601 |    4093 |  18.0 |      36 |       2 |   5.3
    Snake:3 |   21836 |   17336 |  44.3 |      39 |      22 |  36.1
    Snake:4 |   17334 |   31865 |  64.8 |      29 |      49 |  62.8
    Slime:1 |    6425 |       0 |   0.0 |      13 |       0 |   0.0
    Slime:2 |   12054 |       0 |   0.0 |      18 |       0 |   0.0
    Slime:3 |    5050 |   15089 |  74.9 |       6 |       1 |  14.3
    Slime:4 |    2654 |    2555 |  49.0 |      10 |       2 |  16.7
    Slime:5 |   14232 |   28117 |  66.4 |      22 |      12 |  35.3
      Orc:1 |    4467 |    1082 |  19.5 |      40 |       2 |   4.8
      Orc:2 |    8006 |    9103 |  53.2 |      38 |      58 |  60.4
      Elf:1 |   26056 |    9263 |  26.2 |      39 |      13 |  25.0
      Elf:2 |   12779 |    9935 |  43.7 |      21 |      10 |  32.3
      Elf:3 |   24758 |   37671 |  60.3 |      38 |      29 |  43.3
   Vaults:1 |   17408 |    4957 |  22.2 |      34 |      11 |  24.4
   Vaults:2 |   16613 |   39152 |  70.2 |      31 |      50 |  61.7
   Vaults:3 |   44310 |   41414 |  48.3 |      67 |      50 |  42.7
   Vaults:4 |    5049 |   26249 |  83.9 |       6 |      57 |  90.5
   Vaults:5 |   22235 |  134581 |  85.8 |      34 |      92 |  73.0
    Crypt:1 |   27466 |    7525 |  21.5 |      44 |       1 |   2.2
    Crypt:2 |   23904 |       0 |   0.0 |      31 |       0 |   0.0
    Crypt:3 |     173 |   64669 |  99.7 |       1 |      92 |  98.9
   Depths:1 |   49541 |       0 |   0.0 |      66 |       0 |   0.0
   Depths:2 |   58904 |   14554 |  19.8 |      66 |       6 |   8.3
   Depths:3 |   19962 |   29381 |  59.5 |      23 |      35 |  60.3
   Depths:4 |   34541 |   27623 |  44.4 |      41 |      28 |  40.6
   Depths:5 |   20215 |   35749 |  63.9 |      23 |      18 |  43.9
      Zot:1 |   48629 |     452 |   0.9 |      27 |       1 |   3.6
    Abyss:1 |   45348 |       0 |   0.0 |      75 |       0 |   0.0
    Abyss:2 |   13551 |       0 |   0.0 |      32 |       0 |   0.0
    Abyss:3 |   10391 |   23833 |  69.6 |      14 |      16 |  53.3
    Abyss:4 |    8034 |     245 |   3.0 |      19 |       1 |   5.0
      IceCv |       0 |   10323 | 100.0 |       0 |      53 | 100.0
    Volcano |       0 |    5539 | 100.0 |       0 |      13 | 100.0
   Gauntlet |       0 |    6152 | 100.0 |       0 |      21 | 100.0
            +---------+---------+-------+---------+---------+-------
